 Dungeon Crawl Stone Soup version bcrawl-1.13-1-g4ae1fcee6e (webtiles) character file.

Game seed: 6741683535443562021

29 Camlann the Sneak (level 3, 29/29 HPs)
             Began as a Demonspawn Archaeologist on July 29, 2019.
             Quit the game on level 1 of the Dungeon.
             The game lasted 00:01:11 (1115 turns).

Camlann the Sneak (Demonspawn Archaeologist)        Turns: 1115, Time: 00:01:12

Health: 29/29      AC: 10    Str: 12    XL:     3   Next: 1%
Magic:  3/3        EV: 11    Int: 15    God:
Gold:   44         SH:  0    Dex: 11    Spells: 2/2 levels left

rFire    + . .     SeeInvis .   a - +0 whip
rCold    . . .     Gourm    .   (no shield)
rNeg     . . .     Faith    .   l - +2 ring mail {rF+}
rPois    .         Spirit   .   c - +1 hat
rElec    .         Reflect  .   (no cloak)
rCorr    .         Harm     .   (no gloves)
MR       .....                  d - +1 pair of boots
Stlth    +.........             k - amulet of inaccuracy (curse)
HPRegen  0.09/turn              (no ring)
MPRegen  0.08/turn              (no ring)

@: studying Spellcasting
A: powered by death 1, rot immunity
a: no special abilities


You were on level 1 of the Dungeon.
You were not hungry.

You visited 1 branch of the dungeon, and saw 1 of its levels.

You collected 44 gold pieces.


Innate Abilities, Weirdness & Mutations

You regenerate a little health from kills.
You are immune to rotting.


   Skills:
 + Level 3.0 Fighting
 - Level 0.8 Maces & Flails
 - Level 2.6 Dodging
 - Level 3.0 Stealth


You had 2 spell levels left.
You didn't know any spells.
Your spell library was empty.

Dungeon Overview and Level Annotations

Branches:
Dungeon (1/12)

Altars:

Inventory:

Hand Weapons
 a - a +0 whip (weapon)
Armour
 c - a +1 hat (worn)
 d - a +1 pair of boots (worn)
 l - a +2 ring mail of fire resistance (worn)
   (You found it on level 1 of the Dungeon)
Jewellery
 k - a cursed amulet of inaccuracy (around neck)
   (You found it on level 1 of the Dungeon)
Scrolls
 i - a scroll of teleportation
Potions
 b - a potion of degeneration {unknown}
 h - 2 potions of heal wounds
 m - a potion of mutation {unknown}
 n - a potion of lignification {unknown}
Books
 e - a manual of Spellcasting
Miscellaneous
 f - an ancient crate
Comestibles
 g - 2 rations {!d}

## .. .#. . ... #. #.#
#.#### #.# #..#.$.b
#.##### #..#.#%#
......# ##....)6#
#.###.## #..####.# #
>......# #.......#.#
###....# #.........#
###....###.........#
.........'.........+
#.#....###.........#
#.##.#####.##########
#.####%#....#####...##


You could see a bat.


Message History

You kill the goblin!
The rat barely misses you.
You barely miss the rat. The rat closely misses you.
You completely miss the rat. The rat bites you but does no damage.
You hit the rat.
The rat is moderately wounded.
The rat closely misses you.
You hit the rat but do no damage.
The rat is moderately wounded.
The rat bites you.
You miss the rat.
The rat is moderately wounded.
The rat bites you but does no damage.
You hit the rat.
You kill the rat!
No target in view!
No target in view!
No target in view!
No target in view!
No target in view!
No target in view!
No target in view!
No target in view!
No target in view!
No target in view!
No target in view!
No target in view!
No target in view!
No target in view!
No target in view!
You butcher the rat corpse.
j - a chunk of flesh {@w1} You see here a rat skeleton. x2
Eating a chunk of flesh {@w1}.
You eat the chunk of flesh {@w1}.
This raw flesh tastes terrible.
A dart slug comes into view.
A dart slug is nearby!
A bat comes into view.
The bat misses you.
Found a club and 15 gold pieces.
You closely miss the bat. The bat hits you but does no damage.
The dart slug closely misses you.
You hit the dart slug but do no damage. The dart slug launches a dart at you.
The slug dart hits you!
You hit the dart slug but do no damage. You hit the dart slug.
The dart slug is moderately wounded.
The dart slug closely misses you.
You barely miss the dart slug.
The dart slug is moderately wounded.
The dart slug launches a dart at you. The slug dart misses you.
You hit the dart slug.
The dart slug is heavily wounded.
The dart slug launches a dart at you. The slug dart hits you!
You hit the dart slug.
The dart slug is severely wounded.
You hit the dart slug.
You kill the dart slug!
Your Fighting skill increases to level 3!
You have reached level 3!
Your experience leads to an increase in your attributes!
Increase (S)trength, (I)ntelligence, or (D)exterity?
You feel stronger.
Your demonic ancestry asserts itself...
A wave of death washes over you.
You have an epiphany!
The dusty tome is a manual of Spellcasting!
Reading it may be key to unlocking the crate...
The bat hits you but does no damage.
Are you sure you want to abandon this character and quit the game? (Confirm with "yes".)

Action                   || total
-------------------------++-------
Melee: Whip              ||   164
  Use: Potion            ||     2
       Scroll            ||     3
 Stab: Sleeping          ||     3
       Distracted        ||     1
  Eat: Chunk             ||     1
Armor: Robe              ||    10
       Ring mail         ||    95
Dodge: Dodged            ||   127

Levels and vault maps discovered:
D:1:      dpeg_arrival_subterranean_lakeside_camping, layout_loops_corners,
          minmay_tetromino_i4

Notes
Turn   | Place    | Note
-------+----------+-------------------------------------------
     0 | D:1      | Camlann the Demonspawn Archaeologist began the quest for
                  | the Orb.
     0 | D:1      | Reached XP level 1. HP: 15/15 MP: 1/1
   343 | D:1      | Reached skill level 2 in Fighting
   346 | D:1      | Gained mutation: You are immune to rotting. [demonic
                  | ancestry]
   346 | D:1      | Reached XP level 2. HP: 15/22 MP: 2/2
  1114 | D:1      | Reached skill level 3 in Fighting
  1114 | D:1      | Gained mutation: You regenerate a little health from kills.
                  | [demonic ancestry]
  1114 | D:1      | Reached XP level 3. HP: 29/29 MP: 3/3
  1115 | D:1      | Quit the game

Vanquished Creatures
  2 dart slugs (D:1)
  2 giant cockroaches (D:1)
  A hobgoblin (D:1)
  3 jackals (D:1)
  3 bats (D:1)
  A frilled lizard (D:1)
  6 goblins (D:1)
  3 kobolds (D:1)
  2 rats (D:1)
23 creatures vanquished.
